[Event "Elitserien Allsvenskan 2018-19"]
[Site "Sweden"]
[Date "2018.11.11"]
[Round "3"]
[White "Karlsson, Tomas"]
[Black "Vaarala, Eric"]
[Result "1-0"]
[ECO "B40"]
[WhiteElo "2289"]
[BlackElo "2320"]
[Annotator "NA"]
[PlyCount "29"]
[EventDate "2018.11.09"]
[EventType "team-tourn"]
[EventCountry "SWE"]
[SourceTitle "playchess.com"]
[Source "ChessBase"]
[SourceQuality "1"]
[TimeControl "40/5400+30:1800+30"]

1. e4 c5 2. Nf3 e6 3. d4 cxd4 4. Nxd4 Nf6 5. Nc3 Nc6 6. Nxc6 bxc6 7. Bd3 d5 8. Qe2 Be7 9. O-O {[%emt 0:00:00] Nb1 [%clk 1:23:28]} c5 {[%emt 0:00:30] Nd2 [%clk 1:23:28] Qc7 [%clk 1:32:42] Nc4 [%clk 1:23:28] Nd7 [%clk 1:32:42]} 10. e5 Bb7 11. Bd2 {[%emt 0:00:30] Nb6 [%clk 1:32:42] Nxb6 [%clk 1:23:28] axb6 [%clk 1:32:42] Bb5+ [%clk 1:23:28]} Bc6 {[%emt 0:00:30] c3 [%clk 1:23:28] dxc3 [%clk 1:32:42] Bxc3 [%clk 1:23:28] O-O [%clk 1:32:42]} 12. a4 {[%emt 0:00:30] Bd5 [%clk 1:02:02] Qg4 [%clk 0:36:51] Rfd8 [%clk 1:02:03] f4 [%clk 0:35:39] Be4 [%clk 1:02:16] Qe2 [%clk 0:34:37] Qb7 [%clk 1:01:53] Rfe1 [%clk 0:30:20] Bg6 [%clk 1:01:48] b3 [%clk 0:26:02]} h5 {[%emt 0:34:52] Red1 [%clk 0:19:26]} 13. h4 {[%emt 0:27:30] h3 [%clk 0:18:12] Be4 [%clk 0:54:18] Be1 [%clk 0:14:37] Bd5 [%clk 0:44:41] Rab1 [%clk 0:12:10]} Qc7 {[%emt 0:23:13] Bd3 [%clk 0:09:45] c4 [%clk 0:29:35] bxc4 [%clk 0:08:48] Bb7 [%clk 0:28:33] f5 [%clk 0:05:28] exf5 [%clk 0:22:44]} 14. Bf5 g6 {[%emt 0:16:14] Bc2 [%clk 0:04:36] Re8 [%clk 0:19:53] Bc3 [%clk 0:04:36] Rac8 [%clk 0:19:53]} 15. Bd3 {[%emt 0:01:39] Qc6 [%clk 0:19:53] Qg4 [%clk 0:04:36] Rcd8 [%clk 0:19:53] Kh1 [%clk 0:01:51] Rxd3 [%clk 0:00:40] Rxd3 [%clk 0:02:10] Bc8 [%clk 0:00:51] e6 [%clk 0:02:14] Bxe6 [%clk 0:00:42] Qd4 [%clk 0:02:20] f6 [%clk 0:00:50] Rxb6 [%clk 0:01:09] Qxc4 [%clk 0:00:31] Qxc4 [%clk 0:26:38] Bxc4 [%clk 0:30:50] Re3 [%clk 0:26:13] Kf7 [%clk 0:30:47] Bxf6 [%clk 0:26:13] Bxf6 [%clk 0:30:47] Rxe8 [%clk 0:26:13] Kxe8 [%clk 0:30:47] Rxf6 [%clk 0:26:13]} 1-0

[Event "Elitserien Allsvenskan 2018-19"]
[Site "Sweden"]
[Date "2018.11.11"]
[Round "3"]
[White "Landgren, Andreas"]
[Black "Schutz, Ingemar"]
[Result "1-0"]
[ECO "E94"]
[WhiteElo "2276"]
[BlackElo "2211"]
[Annotator "NA"]
[PlyCount "125"]
[EventDate "2018.11.09"]
[EventType "team-tourn"]
[EventCountry "SWE"]
[SourceTitle "playchess.com"]
[Source "ChessBase"]
[SourceQuality "1"]
[TimeControl "40/5400+30:1800+30"]

1. d4 Nf6 2. c4 g6 3. Nc3 Bg7 4. e4 O-O 5. Nf3 d6 6. Be2 e5 7. O-O exd4 8. Nxd4 Re8 9. f3 c6 10. Kh1 Nbd7 11. Bf4 Nh5 12. Bxd6 Qf6 13. Nb3 Nf4 14. c5 Ne5 15. Re1 Be6 16. Bf1 Rad8 17. Qc2 h5 18. g3 Nfd3 19. Re3 Nb4 20. Qg2 Nc4 21. Ree1 Nxd6 22. e5 Qe7 23. cxd6 Qf8 24. Nc5 Bc8 25. a3 Nd5 26. f4 Nxc3 27. bxc3 b6 28. d7 Bxd7 29. Nxd7 Rxd7 30. Qxc6 Qe7 31. Qe4 Rc7 32. Bc4 Qc5 33. Bd5 Qxc3 34. Qxg6 Qf3+ 35. Bxf3 fxg6 36. Rac1 Ree7 37. Be4 Kf7 38. Red1 g5 39. Bf3 gxf4 40. gxf4 Rxc1 41. Bxh5+ Ke6 42. Bg4+ Kf7 43. Rxc1 Bh6 44. Bh5+ Kg7 45. Rf1 b5 46. Kg2 Kh7 47. Kf3 Bf8 48. Rb1 Kh6 49. Bg4 Rb7 50. Rb3 a5 51. Ke4 a4 52. Rh3+ Kg7 53. Be6 b4 54. f5 b3 55. f6+ Kg6 56. Bf5+ Kg5 57. Rg3+ Kh4 58. Rg8 Bh6 59. e6 b2 60. Kd4 Rb5 61. Bb1 Bg5 62. Rxg5 Kxg5 63. f7 1-0

[Event "Elitserien Allsvenskan 2018-19"]
[Site "Sweden"]
[Date "2018.11.11"]
[Round "3"]
[White "Lindgren, Fredrik"]
[Black "Brynell, Stellan"]
[Result "1/2-1/2"]
[ECO "A47"]
[WhiteElo "2269"]
[BlackElo "2398"]
[Annotator "NA"]
[PlyCount "87"]
[EventDate "2018.11.09"]
[EventType "team-tourn"]
[EventCountry "SWE"]
[SourceTitle "playchess.com"]
[Source "ChessBase"]
[SourceQuality "1"]
[TimeControl "40/5400+30:1800+30"]

1. d4 Nf6 2. Nf3 e6 3. g3 b6 4. Bg2 Bb7 5. O-O Be7 6. Nbd2 O-O 7. b3 c5 8. Bb2 cxd4 9. Nxd4 Bxg2 10. Kxg2 d5 11. e3 Qd7 12. c4 Nc6 13. Nxc6 Qxc6 14. Qf3 Rac8 15. Rac1 Rfd8 16. Bxf6 Bxf6 17. cxd5 Qxc1 18. Rxc1 Rxc1 19. Ne4 Rxd5 20. Nxf6+ gxf6 21. Qxf6 Rc2 22. e4 Rdd2 23. Kh3 Kf8 24. Kg4 Ke8 25. f4 Rxh2 26. Qh8+ Ke7 27. f5 exf5+ 28. exf5 Rc5 29. Qb8 Rxa2 30. f6+ Kxf6 31. Qd6+ Kg7 32. Qd4+ Kg6 33. Qd6+ Kg7 34. Qd4+ f6 35. Qd7+ Kh6 36. Qf7 Rg5+ 37. Kf3 Rg6 38. Qf8+ Kg5 39. Qb4 Kh6 40. Qf4+ Kg7 41. Qc7+ Kg8 42. Qd8+ Kg7 43. Qc7+ Kg8 44. Qd8+ 1/2-1/2

[Event "Elitserien Allsvenskan 2018-19"]
[Site "Sweden"]
[Date "2018.11.11"]
[Round "3"]
[White "Penalver, Osmani"]
[Black "Mardell, Jimmy"]
[Result "1-0"]
[ECO "A57"]
[WhiteElo "2254"]
[BlackElo "2139"]
[Annotator "NA"]
[PlyCount "63"]
[EventDate "2018.11.09"]
[EventType "team-tourn"]
[EventCountry "SWE"]
[SourceTitle "playchess.com"]
[Source "ChessBase"]
[SourceQuality "1"]
[TimeControl "40/5400+30:1800+30"]

1. d4 Nf6 2. c4 c5 3. d5 b5 4. f3 b4 5. a3 e6 6. e4 Bd6 7. Be3 Qc7 8. g3 h5 9. Bg2 Bb7 10. Ne2 h4 11. f4 Ng4 12. Bg1 e5 13. Nc1 Nf6 14. Nd3 Na6 15. Be3 O-O-O 16. axb4 cxb4 17. Nd2 Nc5 18. Bxc5 Bxc5 19. fxe5 hxg3 20. exf6 Rxh2 21. Qf3 gxf6 22. Nf1 Rxh1 23. Bxh1 Rg8 24. Bg2 Bd4 25. Nd2 Kb8 26. Nxb4 Bf2+ 27. Ke2 f5 28. Qxf5 Qb6 29. Qf4+ Ka8 30. Nd3 f5 31. Nxf2 gxf2 32. Qxf2 1-0

[Event "Elitserien Allsvenskan 2018-19"]
[Site "Sweden"]
[Date "2018.11.11"]
[Round "3"]
[White "Nyander, Joakim"]
[Black "Norberg, Johan"]
[Result "0-1"]
[ECO "A26"]
[WhiteElo "2229"]
[BlackElo "2306"]
[Annotator "NA"]
[PlyCount "30"]
[EventDate "2018.11.09"]
[EventType "team-tourn"]
[EventCountry "SWE"]
[SourceTitle "playchess.com"]
[Source "ChessBase"]
[SourceQuality "1"]
[TimeControl "40/5400+30:1800+30"]

1. c4 e5 2. g3 Nc6 3. Nc3 g6 4. Bg2 Bg7 5. e4 Nge7 6. Nge2 O-O 7. d3 d6 8. O-O Nd4 {[%emt 0:00:00] exd4 [%clk 1:14:35] Ne2 [%clk 1:22:09]} 9. c5 {[%emt 0:02:26] Rb1 [%clk 1:20:23]} a5 10. a3 a4 11. b4 axb3 12. Qxb3 {[%emt 0:00:00] Qa5 [%clk 0:52:50] h3 [%clk 0:44:00] Nc6 [%clk 0:40:55] Qc2 [%clk 0:39:56] Qa6 [%clk 0:22:55] g4 [%clk 0:38:54]} Bd7 13. f4 {[%emt 0:38:37] Rfb8 [%clk 0:16:23] f5 [%clk 0:31:42]} b5 {[%emt 0:04:29] cxb5 [%clk 0:31:15] Rxb5 [%clk 0:16:44] Rxb5 [%clk 0:27:13]} 14. Qxb5 f6 {[%emt 0:00:00] Bf8 [%clk 0:16:54] Nf4 [%clk 0:25:57] Ne5 [%clk 0:16:30] g5 [%clk 0:23:16] Rb8 [%clk 0:13:12]} 15. Rf2 {[%emt 0:00:00] Qb1 [%clk 0:12:10] Qd1 [%clk 0:20:17] Rb3 [%clk 0:11:07] Bf1 [%clk 0:18:32] Rc3 [%clk 0:10:30] Rb2 [%clk 0:13:42] Qxc1 [%clk 0:10:52] Qxc1 [%clk 0:14:04] Rxc1 [%clk 0:10:52]} Nd5 {[%emt 0:03:29] Bc6 [%clk 0:10:52] Ne7+ [%clk 0:14:04] Bxe7 [%clk 0:10:52] fxe7 [%clk 0:14:04] f6 [%clk 0:10:52] Rb8+ [%clk 0:14:04] Kf7 [%clk 0:10:52] gxf6 [%clk 0:14:04] Be8 [%clk 0:10:52] Rd8 [%clk 0:14:04] Nd7 [%clk 0:10:52] Kf2 [%clk 0:14:04] Nxf6 [%clk 0:10:52] Rxd6 [%clk 0:14:04] Kxe7 [%clk 0:10:52] Rb6 [%clk 0:14:04] Ra1 [%clk 0:10:52]} 0-1

[Event "Elitserien Allsvenskan 2018-19"]
[Site "Sweden"]
[Date "2018.11.11"]
[Round "3"]
[White "Kassani, Sam"]
[Black "Kenneskog, Theodor"]
[Result "1-0"]
[ECO "A48"]
[WhiteElo "2213"]
[BlackElo "2270"]
[Annotator "NA RC"]
[PlyCount "106"]
[EventDate "2018.11.09"]
[EventType "team-tourn"]
[EventCountry "SWE"]
[SourceTitle "playchess.com"]
[Source "ChessBase"]
[SourceQuality "1"]
[TimeControl "40/5400+30:1800+30"]

1. d4 Nf6 2. Bf4 g6 3. Nf3 Bg7 4. e3 O-O 5. Be2 d6 6. h3 c5 7. c3 b6 8. O-O Bb7 9. Nbd2 Nbd7 10. a4 a6 11. Bh2 Qc7 12. Re1 Ne4 13. Nxe4 Bxe4 14. Nd2 Bc6 15. Bf1 e5 16. b4 a5 17. dxc5 axb4 18. cxb4 dxc5 19. b5 Bd5 20. e4 Be6 21. Bc4 Qd6 22. Qc2 Rfd8 23. Bxe6 Qxe6 24. Nc4 Nf8 25. Ne3 Rd4 26. Nd5 Qd6 27. f4 Nd7 28. Kh1 exf4 29. Bxf4 Be5 30. Be3 Rxd5 31. exd5 Bxa1 32. Rxa1 Qxd5 33. Rd1 Qe6 34. Bf4 Ne5 35. Qc3 f6 36. Re1 Re8 37. a5 Qd7 38. axb6 Qxb5 39. Bxe5 fxe5 40. Rc1 Qxb6 41. Qxc5 Qxc5 42. Rxc5 Kf7 43. Kg1 Kf6 44. Kf2 Ra8 45. Rc7 h5 46. Rc2 Ra3 47. Rb2 Kf5 48. Rc2 Kf4 49. Rb2 e4 50. Rc2 h4 51. Rb2 e3+ 52. Ke2 Kg3 53. Rb4 Ra2+ 1-0

[Event "Elitserien Allsvenskan 2018-19"]
[Site "Sweden"]
[Date "2018.11.11"]
[Round "3"]
[White "Janse, Love"]
[Black "Fendrich, David"]
[Result "1-0"]
[ECO "B26"]
[WhiteElo "2210"]
[BlackElo "2233"]
[Annotator "NA"]
[PlyCount "125"]
[EventDate "2018.11.09"]
[EventType "team-tourn"]
[EventCountry "SWE"]
[SourceTitle "playchess.com"]
[Source "ChessBase"]
[SourceQuality "1"]
[TimeControl "40/5400+30:1800+30"]

1. e4 c5 2. Nc3 e6 3. g3 Nc6 4. Bg2 g6 5. d3 Bg7 6. Be3 d6 7. Qd2 Rb8 8. a4 a6 9. Nh3 b5 10. axb5 axb5 11. O-O b4 12. Na4 Nd4 13. Bxd4 Bxd4 14. c3 Bg7 15. d4 cxd4 16. cxd4 Ne7 17. Rfc1 O-O 18. Rc4 Qa5 19. Qc1 Ba6 20. Rc2 Qb5 21. Qd2 Rfc8 22. Rxc8+ Nxc8 23. Bf1 Qa5 24. Bxa6 Qxa6 25. Nf4 Qc4 26. d5 e5 27. Qd3 Qc7 28. Ng2 Bh6 29. Ne3 Bxe3 30. Qxe3 Qd7 31. b3 Qb7 32. Rc1 Na7 33. Rc4 Rc8 34. Qc1 Qa6 35. Kg2 Rxc4 36. Qxc4 Nb5 37. Qxb4 Nd4 38. Qc4 Qa5 39. Nc3 Qa1 40. Nb5 Qd1 41. Nxd4 exd4 42. e5 dxe5 43. d6 Qg4 44. f3 Qg5 45. d7 Qd2+ 46. Kf1 Qd1+ 47. Kf2 Qd2+ 48. Qe2 Qa5 49. Qc2 Kg7 50. b4 Qd5 51. Qc7 Qa2+ 52. Kf1 Qa6+ 53. Kg1 Qa1+ 54. Kg2 Qa2+ 55. Kh3 Qe6+ 56. g4 Qf6 57. Kg2 e4 58. f4 Qa6 59. Qe5+ Kh6 60. g5+ Kh5 61. Qxe4 Qa2+ 62. Kg3 Qb3+ 63. Qf3+ 1-0

[Event "Elitserien Allsvenskan 2018-19"]
[Site "Sweden"]
[Date "2018.11.11"]
[Round "3"]
[White "Eriksson, Jorgen"]
[Black "Kabadayi, Can"]
[Result "1-0"]
[ECO "D12"]
[WhiteElo "2193"]
[BlackElo "2213"]
[Annotator "NA"]
[PlyCount "99"]
[EventDate "2018.11.09"]
[EventType "team-tourn"]
[EventCountry "SWE"]
[SourceTitle "playchess.com"]
[Source "ChessBase"]
[SourceQuality "1"]
[TimeControl "40/5400+30:1800+30"]

1. d4 d5 2. Nf3 Nf6 3. c4 c6 4. e3 Bf5 5. Bd3 Bxd3 6. Qxd3 e6 7. Nc3 Bb4 8. O-O Nbd7 9. Rd1 O-O 10. Bd2 Qe7 11. Rac1 Rfd8 12. a3 Bd6 13. e4 dxc4 14. Qxc4 e5 15. Bg5 h6 16. Bh4 Re8 17. Bxf6 Nxf6 18. d5 Rac8 19. dxc6 Rxc6 20. Nd5 Nxd5 21. Qxd5 Rec8 22. Rxc6 Rxc6 23. h3 Bc7 24. Rd2 Qf6 25. Qd3 Bb6 26. g3 Qe6 27. Kg2 f6 28. Qd5 Qxd5 29. exd5 Rd6 30. Nh4 Kf7 31. Nf5 Rd7 32. Kf3 h5 33. g4 hxg4+ 34. hxg4 g6 35. Ne3 Bd4 36. Ke4 b5 37. b3 Ke7 38. Rc2 Rd6 39. Rc7+ Kf8 40. Rb7 Ra6 41. Rxb5 Rxa3 42. Rb8+ Ke7 43. Rb7+ Kd8 44. d6 Ra5 45. b4 Ra2 46. Kd5 Bxe3 47. fxe3 Kc8 48. Rc7+ Kb8 49. Ke6 Rd2 50. Rc5 1-0

[Event "Elitserien Allsvenskan 2018-19"]
[Site "Sweden"]
[Date "2018.11.11"]
[Round "3"]
[White "Bengtsson, Jonas"]
[Black "Carlsson, Andreas"]
[Result "1-0"]
[ECO "A90"]
[WhiteElo "2107"]
[BlackElo "2028"]
[Annotator "NA"]
[PlyCount "123"]
[EventDate "2018.11.09"]
[EventType "team-tourn"]
[EventCountry "SWE"]
[SourceTitle "playchess.com"]
[Source "ChessBase"]
[SourceQuality "1"]
[TimeControl "40/5400+30:1800+30"]

1. d4 e6 2. c4 f5 3. g3 Nf6 4. Bg2 d5 5. Nh3 c6 6. Qc2 Bd6 7. O-O O-O 8. Bf4 b6 9. Nd2 Bb7 10. Nf3 Qe7 11. Bxd6 Qxd6 12. Nf4 Ne4 13. Ne5 Nd7 14. Nfd3 c5 15. Nxd7 Qxd7 16. dxc5 Rfc8 17. cxd5 Bxd5 18. b4 bxc5 19. bxc5 Qc6 20. Rac1 Rab8 21. Nf4 Rb5 22. Nxd5 exd5 23. Qd3 Rxc5 24. Rxc5 Qxc5 25. e3 Qc4 26. Bxe4 dxe4 27. Qd7 Qc5 28. Rd1 Rf8 29. Qe6+ Kh8 30. Rd7 h6 31. h4 a5 32. Kg2 a4 33. Qd5 Qc3 34. h5 Kh7 35. Ra7 Qf6 36. Rxa4 Rd8 37. Qc5 Rf8 38. Rd4 Rf7 39. a4 Qg5 40. a5 Qg4 41. a6 Qf3+ 42. Kg1 f4 43. gxf4 Qg4+ 44. Kf1 Rf5 45. Rd5 Rf6 46. Rd6 Rf5 47. Qd4 Qh3+ 48. Ke1 Qh1+ 49. Kd2 Qg2 50. Kc3 Rxh5 51. Kb4 Rh1 52. a7 Rb1+ 53. Kc5 Rc1+ 54. Kb6 Rb1+ 55. Kc7 Rc1+ 56. Kb7 Rb1+ 57. Rb6 Rxb6+ 58. Qxb6 h5 59. a8=Q h4 60. Qd4 h3 61. Kb8 h2 62. Qaxe4+ 1-0

[Event "Elitserien Allsvenskan 2018-19"]
[Site "Sweden"]
[Date "2019.02.02"]
[Round "5"]
[White "Jepson, Christian"]
[Black "Antonsen, Mikkel"]
[Result "1/2-1/2"]
[ECO "E06"]
[WhiteElo "2389"]
[BlackElo "2428"]
[Annotator "NA RC"]
[PlyCount "84"]
[EventDate "2018.11.09"]
[EventType "team-tourn"]
[EventCountry "SWE"]
[SourceTitle "playchess.com"]
[Source "ChessBase"]
[SourceQuality "1"]
[TimeControl "40/5400+30:1800+30"]

1. Nf3 d5 2. d4 Nf6 3. c4 e6 4. g3 Be7 5. Bg2 O-O 6. O-O dxc4 7. Qc2 a6 8. a4 Bd7 9. Qxc4 Bc6 10. Bg5 Bd5 11. Qd3 Be4 12. Qe3 Nbd7 13. Nc3 Bc6 14. Qd3 h6 15. Bf4 (15. Bxf6 $5 Nxf6 16. Rfc1 $11) 15... Bb4 16. Rfd1 Rc8 17. Ne5 Bxg2 18. Kxg2 Nxe5 19. Bxe5 Qe7 20. Qf3 c6 21. Na2 (21. Bxf6 $5 Qxf6 22. Qxf6 gxf6 23. Ne4 $11) 21... Bd6 22. Nc1 (22. Bxf6 $5 Qxf6 23. Qxf6 gxf6 24. Nc1 $11) 22... Bxe5 23. dxe5 Nd5 24. Nd3 Rfd8 25. Rac1 Qc7 26. Qe4 Qb6 27. Qc4 c5 28. Kg1 Ne7 29. e3 Ng6 30. Qc3 Qc6 31. a5 Qf3 32. Rd2 Qg4 $11 33. f4 Nh4 34. Ne1 Nf5 35. Rcc2 h5 36. Rxd8+ Rxd8 37. Rd2 Rxd2 38. Qxd2 h4 39. Qd8+ Kh7 40. e4 Qe2 41. exf5 Qxe1+ 42. Kg2 Qe2+ 1/2-1/2

[Event "Elitserien Allsvenskan 2018-19"]
[Site "Sweden"]
[Date "2019.02.02"]
[Round "5"]
[White "Dragicevic, Drazen"]
[Black "Haubro, Martin"]
[Result "0-1"]
[ECO "C50"]
[WhiteElo "2339"]
[BlackElo "2344"]
[Annotator "NA RC"]
[PlyCount "79"]
[EventDate "2018.11.09"]
[EventType "team-tourn"]
[EventCountry "SWE"]
[SourceTitle "playchess.com"]
[Source "ChessBase"]
[SourceQuality "1"]
[TimeControl "40/5400+30:1800+30"]

1. e4 e5 2. Nf3 Nc6 3. Bc4 Nf6 4. Nc3 Bc5 5. d3 a6 {[%emt 0:02:50] LiveBook: 76 Games} 6. a3 d6 7. Be3 Bxe3 8. fxe3 O-O 9. O-O Ne7 10. Qe1 c6 11. Bb3 Qb6 12. Kh1 Ng6 13. Ng5 Qc7 14. Qg3 h6 15. Nf3 Kh7 16. Nh4 Nxh4 17. Qxh4 Qe7 18. Rf3 Be6 19. Raf1 Rg8 20. Ne2 Bxb3 21. cxb3 Qd7 {[%emt 0:00:04] [#]} 22. Rh3 ({White should try} 22. Ng3 $1 $16 Qg4 23. Qxg4 Nxg4 24. Kg1) 22... Qe6 23. Ng3 Qg4 24. Nf5 (24. Qxg4 $14 Nxg4 25. Nf5) 24... Qxh4 25. Rxh4 Ne8 $1 26. g4 $11 f6 27. Ne7 Rh8 28. Nf5 Rd8 29. Kg2 Nc7 30. b4 d5 31. exd5 Rxd5 32. d4 exd4 33. Nxd4 Re8 34. Rh3 Kg6 35. Rhf3 Ne6 36. Nf5 Ng5 37. Rf4 Ne4 38. Nd4 Nd2 39. Re1 Nc4 40. Kf3 0-1

[Event "Elitserien Allsvenskan 2018-19"]
[Site "Sweden"]
[Date "2019.02.02"]
[Round "5"]
[White "Jogstad, Martin"]
[Black "Penalver, Osmani"]
[Result "1-0"]
[ECO "E04"]
[WhiteElo "2263"]
[BlackElo "2226"]
[Annotator "NA RC"]
[PlyCount "101"]
[EventDate "2018.11.09"]
[EventType "team-tourn"]
[EventCountry "SWE"]
[SourceTitle "playchess.com"]
[Source "ChessBase"]
[SourceQuality "1"]
[TimeControl "40/5400+30:1800+30"]

1. d4 Nf6 2. c4 e6 3. g3 d5 4. Nf3 dxc4 5. Bg2 c5 6. O-O Nc6 7. Qa4 Qa5 8. Qxa5 Nxa5 9. Ne5 Nd7 10. Bd2 Nxe5 11. dxe5 Nc6 12. Na3 Be7 (12... Nxe5 $11 13. Rfd1 Be7) 13. Nxc4 O-O 14. Rfd1 Rb8 15. Bc3 Rd8 16. Rxd8+ Nxd8 17. Rd1 b5 18. Nd6 Ba6 $2 {[%emt 0:00:54] [#]} (18... b4 $16) 19. b4 $2 (19. Ba5 $1 $18 {is the precise move to win.}) 19... cxb4 (19... Bxd6 $16 {keeps fighting.} 20. exd6 c4) 20. Bxb4 Nb7 21. Rc1 Nxd6 22. exd6 Bd8 23. d7 Bb6 24. Be7 b4 25. Rc6 f6 (25... g6 $142 26. Kf1 Bd8 27. Bxd8 (27. Rxa6 Bxe7 28. Rxa7 Bd8 $16) 27... Rxd8 28. Rxa6 Rxd7) 26. Rxb6 {[%emt 0:03:37] Promotion} axb6 27. d8=Q+ Rxd8 28. Bxd8 Bc4 29. Bxb6 Bxa2 30. Bc5 Bc4 31. Kf1 b3 32. Ba3 Kf7 33. Ke1 g5 34. Kd2 f5 35. e3 e5 36. Kc3 Be6 $18 37. Bc6 f4 38. exf4 exf4 39. gxf4 Kf6 40. fxg5+ Kxg5 41. Ba4 b2 42. Kxb2 Kg4 43. Bd6 Kh3 44. Be8 Bg4 45. Kc3 Kg2 46. Bg3 h5 47. h4 Kh3 48. Kd4 Kg2 49. Ke5 Kh3 50. Kf4 Kg2 51. Kg5 1-0

[Event "Elitserien Allsvenskan 2018-19"]
[Site "Sweden"]
[Date "2019.02.02"]
[Round "5"]
[White "Eklund, Joel"]
[Black "Kucuksari, Kaan"]
[Result "1-0"]
[ECO "D35"]
[WhiteElo "2196"]
[BlackElo "2301"]
[Annotator "NA RC"]
[PlyCount "95"]
[EventDate "2018.11.09"]
[EventType "team-tourn"]
[EventCountry "SWE"]
[SourceTitle "playchess.com"]
[Source "ChessBase"]
[SourceQuality "1"]
[TimeControl "40/5400+30:1800+30"]

1. d4 Nf6 2. c4 e6 3. Nc3 d5 4. cxd5 exd5 5. Bg5 c6 6. e3 Be7 7. Bd3 Nbd7 8. Qc2 O-O 9. Nf3 Re8 10. O-O Nf8 11. Rab1 a5 12. a3 Be6 13. b4 axb4 14. axb4 N6d7 {[%emt 0:00:06] LiveBook: 9 Games} 15. Bxe7 Qxe7 16. b5 Rec8 17. bxc6 bxc6 18. Na4 f6 19. Rfc1 Bf7 20. h3 Rc7 21. Nb6 Nxb6 22. Rxb6 Be8 23. Nd2 Rca7 24. Rcb1 Ra2 25. R1b2 Ra1+ 26. Kh2 Rc8 27. g3 Bd7 28. Nb3 Ra7 29. Nc5 Be8 30. Kg2 Bg6 (30... g6 $142) 31. Bxg6 hxg6 32. h4 Qe8 33. Kh2 Rf7 34. Nb7 Rd7 $16 ({Black should try} 34... Qe6 $14) 35. R2b3 g5 36. hxg5 Ne6 37. g6 Ng5 38. Qf5 Qe7 39. f4 Nf3+ 40. Kg2 Nd2 41. Rd3 Nc4 42. Qh5 Qe4+ 43. Kf2 Nxb6 44. Qh7+ Kf8 45. Qh8+ Ke7 46. Qxg7+ Ke6 47. Nc5+ Kf5 48. Qh6 1-0

[Event "Elitserien Allsvenskan 2018-19"]
[Site "Sweden"]
[Date "2019.03.29"]
[Round "7.4"]
[White "Lindgren, Philip"]
[Black "Ertan, Can"]
[Result "1-0"]
[ECO "E15"]
[WhiteElo "2383"]
[BlackElo "2404"]
[Annotator "NA RC"]
[PlyCount "71"]
[EventDate "2018.11.09"]
[EventType "team-tourn"]
[EventCountry "SWE"]
[SourceTitle "playchess.com"]
[Source "ChessBase"]
[SourceQuality "1"]
[TimeControl "40/5400+30:1800+30"]

1. d4 Nf6 2. c4 e6 3. Nf3 b6 4. g3 Ba6 5. b3 Bb4+ 6. Bd2 Be7 7. Bg2 c6 8. Bc3 O-O 9. Nbd2 d5 10. Ne5 Nfd7 11. Nxd7 Nxd7 12. O-O Rc8 13. Re1 Bf6 {[%emt 0:15:37] E15: Queen's Indian: 4 g3 sidelines, 4 g3 Ba6 and 4 g3 Bb7 early deviations} (13... c5 14. cxd5 exd5 15. Rc1 cxd4 16. Bxd4 Nc5 17. Bb2 d4 18. Nf3 d3 19. exd3 Nxd3 20. Rxc8 Qxc8 21. Rxe7 Nxb2 {½-½ (77) Eljanov,P (2717)-Karjakin,S (2762) Baku 2015}) 14. e4 dxc4 $146 ({Predecessor:} 14... Re8 15. Rc1 dxc4 16. Nxc4 Nf8 17. Ne3 Bb7 18. e5 Be7 19. f4 Qd7 20. Qg4 c5 21. d5 exd5 22. Qxd7 Nxd7 23. Nxd5 {1-0 (36) Nagel,B (2224)-Suchin,D (2168) Berlin 2004}) 15. e5 Be7 16. bxc4 Qc7 17. Qg4 Rfd8 18. Rad1 Rb8 19. h4 b5 20. c5 b4 21. Ba1 Bd3 22. Qf3 Bb5 23. Ne4 Qa5 {[%emt 0:02:26] [#]} (23... Qc8 $16) 24. Nd6 $1 Bxd6 25. exd6 Ba4 ({Reject} 25... Qxa2 $6 {[#]} 26. d5 $1 $18 ) (25... Qa3 $142 26. Qxa3 bxa3) 26. Rc1 Nf6 27. d5 Nxd5 28. Bd4 Ne7 29. Bxg7 Kxg7 30. dxe7 Rg8 31. Rc4 h5 32. Qxh5 Qc7 33. Qg5+ Kh7 34. Qh5+ Kg7 35. Rg4+ Kf6 36. Rf4+ 1-0

[Event "Elitserien Allsvenskan 2018-19"]
[Site "Sweden"]
[Date "2019.03.30"]
[Round "8.2"]
[White "Ertan, Can"]
[Black "Ingbrandt, Johan"]
[Result "1-0"]
[ECO "C65"]
[WhiteElo "2404"]
[BlackElo "2363"]
[Annotator "ChessBase"]
[PlyCount "47"]
[EventDate "2018.11.09"]
[EventType "team-tourn"]
[EventCountry "SWE"]
[SourceTitle "playchess.com"]
[Source "ChessBase"]
[SourceQuality "1"]
[TimeControl "40/5400+30:1800+30"]

1. e4 e5 2. Nf3 Nc6 3. Bb5 Nf6 4. O-O Bc5 5. c3 O-O 6. d4 Bb6 7. Bg5 h6 8. Bh4 d6 9. Qc1 Qe7 10. a4 a5 11. Nbd2 exd4 12. Bxc6 dxc3 13. bxc3 bxc6 14. e5 dxe5 15. Ne4 Kh7 16. Re1 Bf5 17. Nxf6+ gxf6 18. Rxe5 Qxe5 19. Nxe5 fxe5 20. Qd1 Bg6 21. Qd7 Rae8 22. Be7 Rg8 23. Re1 e4 24. c4 1-0

[Event "Elitserien Allsvenskan 2018-19"]
[Site "Sweden"]
[Date "2019.03.30"]
[Round "8.4"]
[White "Akesson, Ralf"]
[Black "Lindgren, Philip"]
[Result "1/2-1/2"]
[ECO "D11"]
[WhiteElo "2343"]
[BlackElo "2383"]
[Annotator "NA"]
[PlyCount "89"]
[EventDate "2018.11.09"]
[EventType "team-tourn"]
[EventCountry "SWE"]
[SourceTitle "playchess.com"]
[Source "ChessBase"]
[SourceQuality "1"]
[TimeControl "40/5400+30:1800+30"]

1. d4 d5 2. c4 c6 3. Nf3 Nf6 4. e3 Bg4 5. Qb3 Qc7 6. Ne5 {[%emt 0:02:35] D11: Slav Defence: 3 Nf3 sidelines and 3...Nf6 4 e3 Bg4} (6. cxd5 Bxf3 7. gxf3 cxd5 8. Nc3 e6 9. Rg1 Nc6 10. Bd2 g6 11. f4 Be7 12. Rc1 Qd7 13. f3 O-O {½-½ (26) Pashikian,A (2599)-Andriasian,Z (2604) Yerevan 2019}) 6... Be6 7. Nc3 Nbd7 8. f4 g6 9. Bd2 Bg7 10. Rc1 dxc4 $146 ({Predecessor:} 10... Qb6 11. Qa3 Qd8 12. cxd5 Nxd5 13. e4 Nxc3 14. bxc3 {1-0 (64) Kanep,M (2452)-Frey,H (2346) Dos Hermanas 2004}) 11. Bxc4 Bxc4 12. Qxc4 O-O 13. O-O Rad8 14. Rfd1 Nb6 15. Qe2 Qc8 16. Qf3 Qe6 17. b3 Nfd7 18. Ne4 Qd5 19. Bb4 Rfe8 20. Nc3 Qxf3 21. gxf3 e6 22. Ne4 Nd5 23. Bd2 Bf8 24. Kf2 Nxe5 25. fxe5 Kg7 26. Nc5 Bxc5 27. dxc5 f5 28. exf6+ Nxf6 29. Ba5 Rxd1 30. Rxd1 Kf7 31. e4 Re7 32. Rd8 Rd7 33. Ra8 a6 34. Ke3 e5 35. Rc8 Ke6 36. Bc7 Rf7 37. Bd6 g5 38. h3 h5 39. Ke2 g4 40. hxg4 hxg4 41. fxg4 Nxe4 42. Re8+ $11 Kd7 43. Rxe5 Nxd6 44. cxd6 Kxd6 45. Rg5 {[%emt 0:00:00] Ke5} 1/2-1/2